 Dungeon Crawl Stone Soup version 0.31-a0-1008-g5b978da (webtiles) character file.

Game seed: 12328843798438086017

617 Partyfoot the Trooper (level 7, -10/56 HPs)
             Began as a Demonspawn Fighter on Nov 12, 2023.
             Was a Believer of Okawaru.
             Killed by divine providence
             ... invoked by an orc priest
              (13 damage)
             ... on level 5 of the Dungeon.
             The game lasted 00:08:37 (3572 turns).

Partyfoot the Trooper (Demonspawn Fighter)          Turns: 3572, Time: 00:08:38

Health: -10/56     AC:  8    Str: 18    XL:     7   Next: 21%
Magic:  8/9        EV:  9    Int: 10    God:    Okawaru [**....]
Gold:   231        SH:  5    Dex: 12    Spells: 6/6 levels left

rFire   . . .        a - +0 flail
rCold   + . .        c - +0 buckler
rNeg    . . .        b - +0 scale mail
rPois   .            (no helmet)
rElec   .            (no cloak)
rCorr   .            (no gloves)
SInv    .            g - +0 pair of boots
Will    .....        (no amulet) Stlth
                     l - ring of protection from cold
HPRegen 0.29/turn    (no ring)
MPRegen 0.11/turn

%: no passive effects
@: no status effects
A: (demonic guardian 1), ignite blood 2, sharp scales 1
a: Renounce Religion, Heroism


You were on level 5 of the Dungeon.
You worshipped Okawaru.
Okawaru was pleased with you.
You visited 2 branches of the dungeon, and saw 6 of its levels.
You also visited: Sewer.

You collected 231 gold pieces.

Inventory:

Hand Weapons
 a - a +0 flail (weapon)
Armour
 b - a +0 scale mail (worn)
 c - a +0 buckler (worn)
 g - a +0 pair of boots (worn)
Jewellery
 l - a ring of protection from cold (left hand)
Scrolls
 f - a scroll of immolation
 k - 2 scrolls of teleportation
 m - a scroll of vulnerability {unknown}
 p - a scroll of identify {unknown}
 r - a scroll of summoning {unknown}
Potions
 d - 2 potions of might
 e - 2 potions of degeneration {unknown}
 h - a potion of attraction {unknown}
 i - 4 potions of curing
 j - 3 potions of enlightenment
 n - 2 potions of resistance {unknown}
 o - a potion of heal wounds
 q - a potion of mutation {unknown}


   Skills:
 + Level 5.3 Fighting
 + Level 4.2 Maces & Flails
 - Level 2.6 Armour
 + Level 4.7 Shields
 + Level 2.6 Invocations


You had 6 spell levels left.
You didn't know any spells.
Your spell library contained the following spells:

 Spells                   Type           Power      Damage    Failure   Level
 Freeze                   Ice            0%         1d3       83%         1
 Magic Dart               Conj           0%         1d3       83%         1
 Frozen Ramparts          Ice            0%         1d1       99%         3
 Hailstorm                Conj/Ice       0%         3d3       99%         3
 Mephitic Cloud           Conj/Pois/Air  0%         N/A       99%         3
 Call Imp                 Summ           Unusable   N/A       N/A         2
 Summon Forest            Summ/Tloc      Unusable   N/A       N/A         5
 Summon Mana Viper        Hex/Summ       Unusable   N/A       N/A         5
 Summon Cactus Giant      Summ           Unusable   N/A       N/A         6

Dungeon Overview and Level Annotations

Branches:
Dungeon (5/15)             Temple (1/1) D:4           Sewer (visited)

Altars:
Ashenzari
Cheibriados
Kikubaaqudgha
Makhleb
Okawaru
Qazlal
Ru
Sif Muna
Trog
Uskayaw
Xom

Shops:
D:1 *

Annotations:
D:4 3 runed translucent doors, Dorkslayer's ghost, novice HOFi


Innate Abilities, Weirdness & Mutations

((A weak demonic guardian rushes to your aid.))
Your demonic aura often causes spilled blood to erupt in flames.
You are partially covered in razor-sharp scales. (AC +1, Slay +1)


Message History

You hit the orc.
The orc is heavily wounded.
You block the orc's attack.
The orc priest mumbles some strange prayers to Beogh against you.
Beogh smites you!
You closely miss the orc.
The orc is heavily wounded.
The orc completely misses you. The orc hits you but does no damage.
The orc priest mumbles some strange prayers to Beogh against you.
Beogh smites you!
You closely miss the orc.
The orc is heavily wounded.
The orc hits you but does no damage.
You hit the orc.
You kill the orc!
Okawaru accepts your kill. The adder bites you but does no damage.
You barely miss the adder.
The orc priest calls down the wrath of Beogh upon you.
Beogh smites you!
* * * LOW HITPOINT WARNING * * *
The orc closely misses you. The adder bites you but does no damage.
The orc hits you from afar with a +0 trident!
* * * LOW HITPOINT WARNING * * *
The orc priest miscasts a cantrip.
You sock the adder!
The adder is almost dead.
The adder is engulfed in blazing flames.
You kill the adder!
Okawaru accepts your kill. The orc closely misses you.
The orc hits you with a +0 trident.
* * * LOW HITPOINT WARNING * * *
The orc closely misses you.
Things that are here:
a +0 hand axe; an orc corpse; a hound corpse You block the orc's attack.
The orc priest invokes the aid of Beogh against you.
Beogh smites you!
You die...

### #.. #.# #.# # . #.#
#. ...## #.# ###.###
......####.#####
#.....# #.oo○°@.....#
#.# #.### ##o####.###.#
#.# #.... # #.# #.#
#.###.###
##.####.###.###.....###
....<..........#####...
##.####.##.###.# #.##
#.##.# #.# #.# #.##.#
#.# #.# #.##.#
#.#####.#


You could see an orc priest and 2 orcs.

Vanquished Creatures
  An ogre (D:5)
  A kobold brigand (Sewer)
  2 scorpions
  2 hounds
  A jelly (D:5)
  An iguana (D:5)
  An iron imp (D:3)
  6 adders
  4 river rats
  3 worms
  3 dart slugs
  4 orcs
  4 ball pythons
  5 bats
  9 endoplasms
  5 giant cockroaches
  6 goblins
  7 hobgoblins
  4 jackals (D:4)
  8 kobolds
  5 quokkas
  2 frilled lizards (D:2)
  10 rats
94 creatures vanquished.

Vanquished Creatures (collateral kills)
  An adder (D:3)
1 creature vanquished.

Grand Total: 95 creatures vanquished

Notes
Turn   | Place    | Note
-------+----------+-------------------------------------------
     0 | D:1      | Partyfoot the Demonspawn Fighter began the quest for the
                  | Orb.
     0 | D:1      | Reached XP level 1. HP: 18/18 MP: 1/1
    27 | D:1      | Found Unaseima's General Store.
   298 | D:1      | Gained mutation: You are partially covered in razor-sharp
                  | scales. (AC +1, Slay +1) [demonic ancestry]
   298 | D:1      | Reached XP level 2. HP: 24/24 MP: 2/2
   812 | D:2      | Gained mutation: A weak demonic guardian rushes to your
                  | aid. [demonic ancestry]
   812 | D:2      | Reached XP level 3. HP: 27/29 MP: 3/3
  1411 | D:2      | Reached XP level 4. HP: 37/37 MP: 4/4
  1674 | D:3      | Found a shimmering altar of Xom.
  1870 | D:3      | Found a faded altar of an unknown god.
  2084 | D:3      | Found a snail-covered altar of Cheibriados.
  2093 | D:3      | Reached skill level 4 in Fighting
  2320 | D:4      | Found a staircase to the Ecumenical Temple.
  2330 | Temple   | Entered the Ecumenical Temple
  2371 | Temple   | Became a worshipper of Warmaster Okawaru
  2443 | D:4      | Noticed a scorpion
  2451 | D:4      | Killed a scorpion
  2452 | D:4      | Gained mutation: Your demonic aura sometimes causes spilled
                  | blood to erupt in flames. [demonic ancestry]
  2452 | D:4      | Reached XP level 5. HP: 43/43 MP: 5/5
  2516 | D:4      | Found a glowing drain.
  2573 | Sewer    | Entered a sewer
  2712 | Sewer    | Reached * piety under Okawaru
  2713 | Sewer    | Gained mutation: Your demonic aura often causes spilled
                  | blood to erupt in flames. [demonic ancestry]
  2713 | Sewer    | Reached XP level 6. HP: 31/49 MP: 6/6
  3222 | D:4      | Found a runed translucent gate.
  3222 | D:4      | Noticed Dorkslayer's ghost (novice HOFi)
  3223 | D:4      | Identified the +9 spear of Wolaosey {spect, rElec rF+ rC-
                  | Int+3}
  3225 | D:4      | Noticed an orc warrior
  3245 | D:4      | Reached skill level 1 in Invocations
  3338 | D:4      | Found a runed translucent gate.
  3339 | D:4      | Found a runed translucent gate.
  3386 | D:5      | Entered Level 5 of the Dungeon
  3437 | D:5      | Reached skill level 5 in Fighting
  3438 | D:5      | Reached XP level 7. HP: 43/56 MP: 8/8
  3569 | D:5      | Reached ** piety under Okawaru
  3572 | D:5      | Killed from afar by an orc priest

Illustrated notes

Levels and vault maps discovered:
D:1:      scummos_arrival_simple_fountains, layout_basic, serial_shops, shop
D:2:      minmay_evil_eye, layout_loops_ring, minmay_indecisive_spiral
D:3:      layout_basic, lemuel_tele_altar, slow_altar_2,
          ebering_ecumenical_altar_webs, grunt_ministairs_14
D:4:      layout_loops_cross, minmay_temple_entry_offerings,
          portal_sewer_entry_b, biasface_ghost_orc_armoury
D:5:      layout_loops_ring
Temple:   cyrus_temple_forest

Skill      XL: |  1  2  3  4  5  6 |
---------------+-------------------+-----
Maces & Flails | 2 3 4 |  4.2
Shields        | 3 4 |  4.7
Fighting       | 4 5 |  5.3
Invocations    | 2 |  2.6
Armour         | |  2.6

Action                     |  1- 3 |  4- 6 |  7- 9 || total
---------------------------+-------+-------+-------++-------
  Melee: Flail             |   102 |   180 |    26 ||   308
    Use: Scroll            |       |     3 |       ||     3
 Armour: Scale mail        |    65 |   116 |    26 ||   207
  Dodge: Dodged            |    35 |    94 |    11 ||   140
  Block: Buckler           |    20 |    38 |     4 ||    62

Table legend: (Time is in decaauts)
 A = Elapsed time spent in this place.
 B = Non-inter-level travel time spent in this place.
 C = Inter-level travel time spent in this place.
 D = Time resting spent in this place.
 E = Time spent auto-exploring this place.
 F = Levels seen in this place.
 G = Mean time per level.
                   A        B        C        D        E       F      G
               +--------+--------+--------+--------+--------+-----+--------+
         Total |   3682 |   3445 |    237 |    127 |   2607 |   7 |  526.0 |
       Dungeon |   3314 |   3144 |    170 |     33 |   2485 |   5 |  662.8 |
        Temple |     69 |      2 |     67 |      0 |      0 |   1 |   69.0 |
         Sewer |    298 |    298 |      0 |     94 |    122 |   1 |  298.0 |
               +--------+--------+--------+--------+--------+-----+--------+

Top non-repeatable levels by time:
     D:2: 825 daAuts
     D:4: 814 daAuts
     D:1: 812 daAuts
     D:3: 667 daAuts
   Sewer: 298 daAuts
     D:5: 194 daAuts
  Temple: 69 daAuts
